 Dungeon Crawl Stone Soup version 0.19-a0-1932-g59670f6 (console) character file.

205 quincunx the Insei (level 5, 0/44 HPs)
             Began as a Naga Transmuter on Oct 26, 2016.
             Slain by an ice beast (12 damage)
             ... on level 3 of the Dungeon on Oct 31, 2016.
             The game lasted 00:12:01 (3914 turns).

quincunx the Insei (Naga Transmuter)                Turns: 3914, Time: 00:12:02

Health: 0/44       AC:  2    Str: 12    XL:     5   Next: 83%
Magic:  0/8        EV: 10    Int: 14    God:
Gold:   168        SH:  0    Dex: 12    Spells: 3 memorised, 2 levels left

rFire  . . .     SeeInvis +       - Unarmed
rCold  . . .     Gourm    .     b - +0 robe
rNeg   . . .     Faith    .     (no shield)
rPois  +         Spirit   .     (no helmet)
rElec  .         Reflect  .     (no cloak)
rCorr  .         Harm     .     (no gloves)
MR     +....                    (no barding)
Stlth  ++........               (no amulet)
                                (no ring)
                                i - ring of protection from magic

@: short of breath, very slightly contaminated, very slow
A: see invisible, deformed body, poison resistance, slowness 2, slow metabolism
1, spit poison 1, AC +1
a: Spit Poison


You were on level 3 of the Dungeon.
You were not hungry.

You visited 1 branch of the dungeon, and saw 3 of its levels.

You collected 168 gold pieces.

Inventory:

Missiles
 a - 33 arrows
Armour
 b - a +0 robe (worn)
 h - a +0 ring mail
Jewellery
 i - a ring of protection from magic (left hand)
Scrolls
 e - 2 scrolls of immolation
 g - a scroll of recharging {unknown}
 l - 4 scrolls of remove curse
 m - a scroll of identify
Potions
 f - a potion of brilliance {unknown}
 k - a potion of curing {unknown}
 n - 2 potions of ambrosia {unknown}
 o - a potion of heal wounds {unknown}
 p - a potion of flight {unknown}
 r - 2 potions of agility {unknown}
Books
 c - a book of Changes

   Spells                             Type                      Level
   a - Beastly Appendage              Transmutation                1
   b - Sticks to Snakes               Transmutation                2
   c - Spider Form                    Transmutation/Poison         3
   d - Ice Form                       Ice/Transmutation            4
   e - Blade Hands                    Transmutation                5
Comestibles
 d - a bread ration
 j - 3 meat rations


   Skills:
 - Level 1.0 Fighting
 - Level 1.5 Dodging
 - Level 1.6 Stealth
 - Level 4.3 Unarmed Combat
 + Level 2.2 Spellcasting
 + Level 3.7 Transmutations
 + Level 3.1 Poison Magic


You had 2 spell levels left.
You knew the following spells:

 Your Spells              Type           Power        Failure   Level  Hunger
a - Beastly Appendage     Tmut           ##....       6%          1    #......
b - Sticks to Snakes      Tmut           ##......     10%         2    ###....
c - Spider Form           Tmut/Pois      ##........   21%         3    ###....


Dungeon Overview and Level Annotations

Branches:
Dungeon (3/15)

Altars:
Dithmenos
Okawaru
Vehumet
Xom


Innate Abilities, Weirdness & Mutations

You cannot wear boots.
Your serpentine skin is tough. (AC +1)
You have supernaturally acute eyesight. (SInv)
Armour fits poorly on your strangely shaped body.
Your system is resistant to poisons. (rPois)
You cover ground very slowly.
You have a slow metabolism.
You can spit poison.


Message History

The crimson imp lashes its tail.
The crimson imp throws a stone.
The stone barely misses you.
Casting: Sticks to Snakes
Confirm with . or Enter, or press ? or * to list all spells.
You miscast Spider Form.
Nothing appears to happen.
The crimson imp throws a stone.
The stone hits you.
The crimson imp throws a stone.
The stone hits you but does no damage.
Press: ? - help, Shift-Dir - straight line, f - ice beast
Aim: an ice beast The splash of poison misses the ice beast.
You feel slightly more hungry.
The crimson imp blinks!
The ice beast hits you. The ice beast freezes you!
Casting: Spider Form
Confirm with . or Enter, or press ? or * to list all spells.
You create a snake!
You now have 33 arrows.
The ice beast hits you. The ice beast freezes you! The ice beast hits you.
* * * LOW HITPOINT WARNING * * *
The ice beast freezes you!
You die...

..####....#......>##..###§§§#..#
..................##.###§#§#§#.#
####..#####.......#.>#.§§§_§§..#
####.## ######....##§#§#§#.###
##...# ##.#####.5#.§.## ##.###
######..# ##....#§## ...#
####.>..[.####(..#§..#
.######....########...######
........######..@YS.#(#
.############..######Y###########
...........##.## #?5....#.....
###........#..# ##............
###..........## #(............
......).......# #.............
##.........##..... #.............
###.##.#### #####...............
#....# #...............


You could see an ice beast and a friendly ball python.

Vanquished Creatures
  3 crimson imps (D:3)
  4 adders (D:2)
  A shadow imp (D:3)
  A worm (D:2)
  3 dart slugs
  A leopard gecko (D:2)
  2 ball pythons
  10 bats
  5 giant cockroaches
  2 goblins
  7 hobgoblins
  A jackal (D:3)
  2 quokkas
  4 frilled lizards
  9 kobolds
  5 rats
60 creatures vanquished.

Vanquished Creatures (collateral kills)
  A kobold (D:3)
1 creature vanquished.

Grand Total: 61 creatures vanquished

Notes
Turn   | Place    | Note
-------+----------+-------------------------------------------
     0 | D:1      | quincunx the Naga Transmuter began the quest for the Orb.
     0 | D:1      | Reached XP level 1. HP: 18/18 MP: 3/3
   142 | D:1      | Reached XP level 2. HP: 17/25 MP: 5/5
   339 | D:1      | Learned a level 2 spell: Sticks to Snakes
   527 | D:1      | Reached skill level 1 in Stealth
   903 | D:1      | Reached XP level 3. HP: 31/31 MP: 4/6
  1115 | D:1      | Learned a level 3 spell: Spider Form
  1206 | D:2      | Reached skill level 1 in Poison Magic
  1303 | D:2      | Found a radiant altar of Vehumet.
  1744 | D:2      | Reached XP level 4. HP: 38/38 MP: 7/7
  1800 | D:2      | Found an iron altar of Okawaru.
  2613 | D:2      | Reached skill level 4 in Unarmed Combat
  2921 | D:3      | Found a shimmering altar of Xom.
  2979 | D:3      | Reached XP level 5. HP: 27/44 MP: 6/8
  3226 | D:3      | Found a shadowy altar of Dithmenos.
  3245 | D:3      | Noticed an ice beast
  3914 | D:3      | Slain by an ice beast

Vault maps used:
D:1:      scummos_arrival_checkerplants, minmay_misc_feat_nine_boxes
D:2:      vehumet_crystals, okawaru_ov_weapons_minmay
D:3:      led_xom_imps, grunt_dithmenos_smoke_and_mirrors

Skill      XL: |  1  2  3  4  5 |
---------------+----------------+-----
Stealth        | 1 |  1.6
Poison Magic   | 1 2 3 |  3.1
Transmutations | 3 |  3.7
Unarmed Combat | 4 |  4.3
Fighting       | |  1.0
Dodging        | |  1.5
Spellcasting   | |  2.2

Action                   |  1- 3 |  4- 6 || total
-------------------------+-------+-------++-------
Melee: Unarmed           |   141 |   173 ||   314
       Headbutt          |    10 |    10 ||    20
       Punch             |       |     1 ||     1
 Cast: Beastly Appendage |    13 |    10 ||    23
       Sticks to Snakes  |     1 |     3 ||     4
       Spider Form       |       |     2 ||     2
 Abil: Spit Poison       |       |     2 ||     2
  Use: Scroll            |     2 |     3 ||     5
 Stab: Sleeping          |     2 |     2 ||     4
       Invisible         |       |     2 ||     2
  Eat: Chunk             |     1 |     4 ||     5
       Bread ration      |       |     1 ||     1
       Royal jelly       |       |     1 ||     1
Armor: Robe              |     4 |    34 ||    38
       Ring mail         |    62 |       ||    62
       Skin              |       |     1 ||     1
Dodge: Dodged            |    89 |    98 ||   187
